 Dungeon Crawl Stone Soup version 0.31.0-11-ge490571c62 (webtiles) character file.

Game seed: 13586770056610307121

7992 hikkokomori the Thaumaturge (level 11, -19/63 (67) HPs)
             Began as a Deep Elf Hedge Wizard on Feb 3, 2024.
             Was a Believer of Vehumet.
             Killed by vampiric draining
             ... invoked by a vampire
              (22 damage)
             ... on level 9 of the Dungeon.
             The game lasted 00:52:45 (13849 turns).

hikkokomori the Thaumaturge (DEHW)                 Turns: 13849, Time: 00:52:46

HP:   -19/63 (67)   AC: 10    Str:  7    XL:     11   Next: 4%
MP:   22/25         EV: 12    Int: 22    God:    Vehumet [**....]
Gold: 694           SH:  5    Dex: 16    Spells: 14/26 levels left

rFire   . . .        E - +3 dagger (holy)
rCold   . . .        G - +0 buckler
rNeg    . . .        s - +0 steam dragon scales
rPois   .            q - +0 helmet
rElec   .            v - scarf {repulsion}
rCorr   .            F - +1 pair of gloves
SInv    +            R - +1 pair of boots
Will    ++...        Q - amulet of faith
Stlth   +++          m - ring of willpower
HPRegen 0.30/turn    c - ring of see invisible
MPRegen 0.19/turn

%: repel missiles, faith
@: drained, inugami summoned
A: no striking features
a: Renounce Religion


You were on level 9 of the Dungeon.
You worshipped Vehumet.
Vehumet was pleased with you.
You visited 2 branches of the dungeon, and saw 13 of its levels.
You also visited: Ossuary.

You collected 694 gold pieces.

Inventory:

Hand Weapons
 e - a +2 dagger of freezing
 p - a +0 dagger of venom
 E - a +3 dagger of holy wrath (weapon)
 N - a +2 heavy flail
 S - a +4 spear of venom
 T - a +1 scimitar of electrocution
 V - a +4 great sword
 W - a +3 short sword
Missiles
 n - 27 poisoned darts
 H - 3 javelins
 P - a curare-tipped dart
Armour
 q - a +0 helmet (worn)
 s - +0 steam dragon scales (worn)
 v - a scarf of repulsion (worn)
 y - a +2 robe of cold resistance
 F - a +1 pair of gloves (worn)
 G - a +0 buckler (worn)
 R - a +1 pair of boots (worn)
Jewellery
 c - a ring of see invisible (right hand)
 i - an amulet of guardian spirit
 j - a +6 ring of strength
 m - a ring of willpower (left hand)
 Q - an amulet of faith (around neck)
Talismans
 l - a granite talisman
Wands
 a - a wand of acid (6)
 w - a wand of polymorph (8)
 D - a wand of flame (2)
 O - a wand of charming (20)
 U - a wand of digging (4)
Scrolls
 g - 7 scrolls of fear
 h - 7 scrolls of teleportation
 r - 4 scrolls of fog
 t - 2 scrolls of noise
 z - a scroll of enchant armour {unknown}
 B - 3 scrolls of poison {unknown}
 I - a scroll of torment {unknown}
 J - 2 scrolls of enchant weapon
 K - 3 scrolls of amnesia
 M - 4 scrolls of revelation
 X - a scroll of identify
Potions
 b - a potion of lignification
 d - a potion of magic
 f - a potion of might
 k - 3 potions of attraction
 o - a potion of cancellation
 u - 5 potions of brilliance
 x - a potion of mutation {unknown}
 A - 2 potions of resistance
 C - a potion of heal wounds
 L - 3 potions of curing


   Skills:
 + Level 7.3 Fighting
 - Level 1.0 Short Blades
 - Level 3.0 Throwing
 - Level 2.5 Dodging
 - Level 4.0 Stealth
 + Level 5.2 Shields
 - Level 8.0 Spellcasting
 - Level 3.3 Conjurations
 - Level 4.2 Summonings
 - Level 1.1 Translocations
 - Level 5.5 Air Magic
 - Level 6.1 Alchemy
 + Level 6.6 Evocations


You had 14 spell levels left.
You knew the following spells:

 Your Spells              Type           Power      Damage    Failure   Level
a - Magic Dart            Conj           92%        1d7       2%          1
b - Blink                 Tloc           26%        N/A       11%         2
c - Call Imp              Summ           54%        N/A       3%          2
d - Mephitic Cloud        Conj/Alch/Air  30%        N/A       4%          3
e - Call Canine Familiar  Summ           27%        N/A       6%          3
f - Shock                 Conj/Air       100%       1d9       1%          1

Your spell library contained the following spells:

 Spells                   Type           Power      Damage    Failure   Level
 Sting                    Conj/Alch      100%       1d9       1%          1
 Cigotuvi's Dreadful Rot  Necr/Alch/Air  50%        N/A       3%          2
 Slow                     Hex            32%        N/A       11%         1
 Lesser Beckoning         Tloc           26%        N/A       11%         2
 Gell's Gravitas          Tloc           13%        N/A       22%         3
 Teleport Other           Tloc           13%        N/A       22%         3
 Sigil of Binding         Hex            8%         N/A       32%         3
 Dimensional Bullseye     Hex/Tloc       5%         N/A       65%         4


Dungeon Overview and Level Annotations

Branches:
Dungeon (12/15)            Temple (1/1) D:7            Lair (0/5) D:11
Ossuary (visited)
    Orc: D:9-12

Altars:
Ashenzari
Cheibriados
Dithmenos
Elyvilon
Fedhas
Gozag
Hepliaklqana
Kikubaaqudgha
Makhleb
Nemelex Xobeh
Okawaru
Qazlal
Ru
Sif Muna
Trog
Uskayaw
Vehumet
Wu Jian
Xom
Yredelemnul
Zin
The Shining One

Shops:
D:8 [

Annotations:
D:3 exclusion: downstairs
D:6 exclusion: downstairs
D:8 3 runed translucent doors


Message History

You closely miss the vampire.
The vampire is severely damaged.
You block the vampire's attack. The vampire bites you.
The vampire draws strength from your injuries!
Your cerulean imp hits the vampire but does no damage.
Your inugami hits the vampire but does no damage.
Unknown command.
You hit the vampire but do no damage.
The vampire is severely damaged.
You block the vampire's attack. The vampire closely misses you.
Your inugami hits the vampire.
Your cerulean imp barely misses the vampire.
Unknown command.
You completely miss the vampire.
The vampire is severely damaged.
The vampire draws life force from you!
* * * LOW HITPOINT WARNING * * *
The vampire is healed by the life force!
Your cerulean imp hits the vampire with a -2 spear.
Your inugami hits the vampire. You hit the vampire but do no damage.
The vampire is severely damaged.
The vampire barely misses you. The vampire bites you!
* * * LOW HITPOINT WARNING * * *
The vampire draws strength from your injuries!
A killer bee comes into view.
Your cerulean imp closely misses the vampire.
Your inugami hits the vampire but does no damage.
The vampire hits you.
* * * LOW HITPOINT WARNING * * *
The vampire bites you but does no damage.
Your cerulean imp closely misses the vampire.
Your inugami hits the vampire.
There is a stone staircase leading down here.
Unknown command.
Unknown command.
You hit the vampire.
The vampire convulses.
The vampire is severely damaged.
The vampire draws life force from you!!
You die...

#...............
#...............
#>..............
#............(..
#...............
#.......).......
#....)..)y......
#...............
#...@)..........
#....Vh.........
#....5..........
#...............
#...............
#...............
#..........!..
#.............
#.............


You could see a vampire (ally target), a killer bee, a friendly cerulean imp
(summoned) and a friendly inugami (summoned).

Vanquished Creatures
  A two-headed ogre (D:8)
  Pikel (D:4)
  Jeremiah (D:8)
  2 trolls (D:10)
  A hornet (D:7)
  2 wyverns
  2 steam dragons
  Duvessa (D:4)
  3 water moccasins
  An orc warrior (D:10)
  3 black bears
  3 ice beasts
  An ogre (D:6)
  2 centaurs
  4 lemures
  A phantom (D:4)
  4 bullfrogs
  3 gnoll sergeants
  3 kobold brigands
  2 scorpions
  Dowan (D:4)
  17 wights
  A killer bee (D:8)
  A howler monkey (D:4)
  2 hounds
  3 orc priests
  2 jellies (D:7)
  2 gnoll boudas
  A sleepcap (D:6)
  Natasha (thrice) (D:4)
  5 iguanas
  8 orc wizards
  Robin (D:2)
  20 gnolls
  8 adders
  A shadow imp (D:4)
  2 white imps (D:7)
  4 ufetubi
  A dart slug (D:4)
  2 ribbon worms (D:2)
  21 orcs
  14 bats
  10 endoplasms
  3 giant cockroaches
  15 goblins
  13 hobgoblins
  7 jackals
  A quokka (D:2)
  3 ball pythons
  3 frilled lizards
  A gnoll zombie (Ossuary)
  13 kobolds
  3 kobold zombies (Ossuary)
  11 rats
244 creatures vanquished.

Vanquished Creatures (collateral kills)
  A gargoyle (D:7)
  A water moccasin (D:6)
  An orc warrior (D:8)
  An ogre (D:4)
  A sky beast (D:6)
  A weeping skull (Ossuary)
  2 bullfrogs (D:7)
  A burial acolyte (Ossuary)
  4 wights
  2 centaur zombies (Ossuary)
  A hound (D:7)
  An orc wizard (D:6)
  2 mummies (Ossuary)
  2 gnolls (D:5)
  An adder (D:6)
  2 orcs
  A bat (D:7)
  3 kobolds
  A quokka (D:5)
  2 gnoll zombies (Ossuary)
31 creatures vanquished.

Grand Total: 275 creatures vanquished

Notes
Turn   | Place    | Note
-------+----------+-------------------------------------------
     0 | D:1      | hikkokomori the Deep Elf Hedge Wizard began the quest for
                  | the Orb.
     0 | D:1      | Reached XP level 1. HP: 10/10 MP: 7/7
   169 | D:1      | Found a faded altar of an unknown god.
   183 | D:1      | Reached XP level 2. HP: 16/16 MP: 2/9
   315 | D:1      | Reached skill level 1 in Fighting
   808 | D:1      | Reached XP level 3. HP: 20/20 MP: 6/10
  1735 | D:2      | Noticed Robin
  1747 | D:2      | Killed Robin
  1782 | D:2      | Reached XP level 4. HP: 26/26 MP: 4/12
  2135 | D:2      | Found a snail-covered altar of Cheibriados.
  2386 | D:3      | Noticed a scorpion
  2438 | D:2      | Learned a level 2 spell: Blink
  2441 | D:2      | Learned a level 2 spell: Call Imp
  2445 | D:2      | Learned a level 3 spell: Mephitic Cloud
  2761 | D:3      | Killed a scorpion
  2762 | D:3      | Reached skill level 1 in Air Magic
  2762 | D:3      | Reached skill level 1 in Alchemy
  2762 | D:3      | Reached XP level 5. HP: 30/30 MP: 5/13
  3676 | D:4      | Noticed Duvessa
  3676 | D:4      | Noticed Dowan
  3676 | D:4      | Found an ornate altar of the Wu Jian Council.
  3738 | D:4      | Noticed a lemure
  3740 | D:4      | Noticed a lemure
  3740 | D:4      | Noticed a lemure
  3916 | D:3      | Killed a lemure
  3934 | D:3      | Killed a lemure
  3979 | D:4      | Noticed a lemure
  3980 | D:4      | Noticed Pikel
  3991 | D:4      | Killed a lemure
  4000 | D:4      | Killed a lemure
  4120 | D:4      | Killed Pikel
  4121 | D:4      | Reached skill level 5 in Alchemy
  4121 | D:4      | Reached XP level 6. HP: 31/35 MP: 7/14
  4121 | D:4      | Reached XP level 7. HP: 35/40 MP: 7/15
  4205 | D:4      | Noticed Natasha
  4220 | D:4      | Killed Natasha
  4461 | D:4      | Reached skill level 5 in Air Magic
  4666 | D:4      | Learned a level 3 spell: Call Canine Familiar
  4775 | D:4      | Noticed Natasha
  4795 | D:4      | Killed Natasha
  4796 | D:4      | Reached XP level 8. HP: 30/44 MP: 9/16
  4818 | D:4      | Noticed Natasha
  4828 | D:4      | Killed Natasha
  4903 | D:4      | Killed Duvessa
  4909 | D:4      | Killed Dowan
  4910 | D:4      | Reached skill level 5 in Spellcasting
  5490 | D:5      | Entered Level 5 of the Dungeon
  6143 | D:5      | Reached skill level 6 in Spellcasting
  6741 | D:6      | Reached skill level 7 in Spellcasting
  6753 | D:6      | Found a sand-covered staircase.
  6766 | D:6      | Reached XP level 9. HP: 20/52 MP: 13/22
  6879 | Ossuary  | Entered an ossuary
  7202 | Ossuary  | Reached skill level 8 in Spellcasting
  7363 | D:6      | Found a shimmering altar of Xom.
  7363 | D:6      | Found a shimmering blue altar of Sif Muna.
  7780 | D:6      | Reached skill level 5 in Fighting
  7780 | D:6      | Reached skill level 1 in Shields
  7868 | D:6      | Reached skill level 1 in Short Blades
  8037 | D:6      | Reached skill level 1 in Evocations
  8250 | D:7      | Noticed a gargoyle
  8976 | D:6      | Reached XP level 10. HP: 31/60 MP: 20/24
  9728 | D:7      | Killed a gargoyle
 10389 | D:7      | Found a staircase to the Ecumenical Temple.
 10396 | Temple   | Entered the Ecumenical Temple
 10405 | Temple   | Became a worshipper of Vehumet
 11351 | D:8      | Found Ifitz's Antique Armour Boutique.
 11357 | D:8      | Noticed Jeremiah
 11375 | D:8      | Killed Jeremiah
 11376 | D:8      | Reached skill level 5 in Evocations
 11676 | D:8      | Noticed a two-headed ogre
 11696 | D:8      | Found an ancient bone altar of Kikubaaqudgha.
 11696 | D:8      | Found a runed translucent gate.
 11696 | D:8      | Found a runed translucent gate.
 11696 | D:8      | Found a runed translucent gate.
 11696 | D:8      | Found an opulent altar of Gozag.
 11702 | D:8      | Killed a two-headed ogre
 11703 | D:8      | Reached skill level 1 in Throwing
 12321 | D:8      | Reached * piety under Vehumet
 12321 | D:8      | Offered knowledge of Shock by Vehumet.
 12440 | D:8      | Learned a level 1 spell: Shock
 12711 | D:8      | You fall into a shaft and drop 3 floors!
 12964 | D:10     | Entered Level 10 of the Dungeon
 13028 | D:9      | Noticed a two-headed ogre
 13067 | D:10     | Reached skill level 5 in Shields
 13192 | D:10     | Offered knowledge of Sting by Vehumet.
 13194 | D:10     | Reached ** piety under Vehumet
 13207 | D:10     | Reached XP level 11. HP: 63/65 MP: 16/25
 13555 | D:10     | Found an iron altar of Okawaru.
 13563 | D:10     | Found a hide-covered altar of Uskayaw.
 13848 | D:9      | HP: 3/63 [vampire (4)]
 13849 | D:9      | Killed from afar by a vampire

Illustrated notes

Levels and vault maps discovered:
D:1:      ncdulo_halloftheorcs, layout_loops_ring,
          shapermc_ecumenical_altar_starsandcircs, minmay_tree_intersection
D:2:      layout_loops_ring, basic_altar, hex_large, uniq_robin
D:3:      layout_loops_ring, minmay_fractal_squares_5
D:4:      layout_basic, nicolae_wu_jian_wuxing_cycle, minmay_small_thing,
          uniq_natasha, uniq_pikel, uniq_duvessa
D:5:      layout_gridville, minmay_crystal_room
D:6:      layout_loops_corners, jmf_multi_god_temple, enter_ossuary_3,
          kennysheep_generic_room_10
D:7:      layout_basic, minmay_temple_entry_butterflies, roderic_batcave,
          nzn_random_ring
D:8:      black_bear_nest_2, layout_basic, mainiacjoe_overflow_boulevard,
          ebering_ghost_gozag, serial_shops, shop, kennysheep_generic_room_4,
          uniq_jeremiah
D:9:      layout_big_octagon, serial_shops, shop,
          gammafunk_ghost_wrathful_warriors
D:10:     layout_roguey, minitemple, chequers_serial_rivers_marsh
D:11:     layout_loops_ring, erik_lair_island, uniq_sonja
D:12:     layout_roguey, hiddenorc1_lemuel, uniq_fannar
Temple:   nicolae_temple_superstar

Skill      XL: |  1  2  3  4  5  6  7  8  9 10 |
---------------+-------------------------------+-----
Fighting       | 1 2 4 6 7 |  7.3
Conjurations   | 2 3 |  3.3
Air Magic      | 1 4 5 |  5.5
Alchemy        | 1 5 6 |  6.1
Summonings     | 4 |  4.2
Spellcasting   | 7 8 |  8.0
Shields        | 3 5 |  5.2
Short Blades   | 1 |  1.0
Evocations     | 4 6 |  6.6
Stealth        | 4 |  4.0
Throwing       | 3 |  3.0
Dodging        | |  2.5
Translocations | |  1.1

Action                     |  1- 3 |  4- 6 |  7- 9 | 10-12 || total
---------------------------+-------+-------+-------+-------++-------
  Melee: Dagger            |    24 |    65 |   393 |   248 ||   730
         Punch             |       |     1 |     8 |       ||     9
         Spear             |       |       |       |    47 ||    47
         Flail             |       |       |       |     5 ||     5
  Throw: Dart              |       |     1 |       |     7 ||     8
         Javelin           |       |       |     2 |    10 ||    12
   Cast: Magic Dart        |    94 |    84 |    40 |    36 ||   254
         Mephitic Cloud    |       |     6 |    30 |    23 ||    59
         Call Imp          |       |     3 |    14 |    14 ||    31
         Blink             |       |     1 |     7 |     8 ||    16
         Call Canine Famil |       |       |    25 |    19 ||    44
  Evoke: Wand              |       |       |     6 |     7 ||    13
    Use: Potion            |       |     2 |     6 |     3 ||    11
         Scroll            |       |     1 |    16 |     5 ||    22
   Stab: Confused          |       |     6 |    12 |     7 ||    25
         Sleeping          |       |     3 |     4 |     1 ||     8
         Distracted        |       |       |     1 |     2 ||     3
 Armour: Robe              |    13 |    39 |   311 |     4 ||   367
         Skin              |       |       |    22 |       ||    22
         Steam dragon scal |       |       |       |   145 ||   145
  Dodge: Dodged            |    17 |    40 |   311 |   182 ||   550
         Repelled          |       |       |     2 |     1 ||     3
  Block: Buckler           |       |       |     8 |    69 ||    77
         Form:             |       |       |       |     1 ||     1
         Statue            |       |       |       |     1 ||     1
